 Dungeon Crawl Stone Soup version 0.30-a0-253-g6b895097cc (console) character file.

Game seed: 9747448040501753763

2208 Ignak the Thaumaturge (level 9, -1/99 HPs)
             Began as a Gnoll Hedge Wizard on Oct 13, 2022.
             Slain by a vampire (4 damage)
             ... on level 8 of the Dungeon.
             The game lasted 00:37:38 (8406 turns).

Ignak the Thaumaturge (Gnoll Hedge Wizard)          Turns: 8406, Time: 00:37:38

Health: -1/99      AC:  6    Str:  9    XL:     9   Next: 34%
Magic:  18/21      EV: 13    Int: 19    God:
Gold:   193        SH:  0    Dex: 11    Spells: 8/24 levels left

rFire   . . .      SeeInvis +    C - +1 flail (vorpal)
rCold   . . .      Faith    +    (no shield)
rNeg    . . .      Spirit   .    A - +1 leather armour of Beogh's Inspiration {Stlth+}
rPois   .          Reflect  .    c - +0 hat
rElec   .          Harm     .    l - +0 cloak
rCorr   .          Rampage  .    (no gloves)
Will    .....                    z - +0 pair of boots
Stlth   ..........               s - amulet of faith
HPRegen 0.36/turn                q - ring of see invisible
MPRegen 0.17/turn                G - ring of wizardry

@: berserking (expiring), hasted, very quick
A: fangs 1, strong nose, distributed training
a: no special abilities


You were on level 8 of the Dungeon.
You visited 2 branches of the dungeon, and saw 10 of its levels.

You collected 388 gold pieces.
You spent 195 gold pieces at shops.

Inventory:

Hand Weapons
 a - a +2 short sword of venom
 b - a +2 shortbow of flaming
 j - a +1 rapier of chaos
 p - a +0 trident of venom
 w - a +0 rapier
 C - a +1 vorpal flail (weapon)
Missiles
 o - 33 poisoned darts (quivered)
 x - a throwing net
Armour
 c - a +0 hat (worn)
 l - a +0 cloak (worn)
 y - a scarf of shadows
 z - a +0 pair of boots (worn)
 A - the +1 leather armour of Beogh's Inspiration (worn) {Stlth+}
   (You bought it in a shop on level 5 of the Dungeon)

   Stlth:     It makes you more stealthy.
 F - the +3 ring mail of Morality {rF+}
   (You found it on level 7 of the Dungeon)

   rF:        It protects you from fire.
Jewellery
 q - a ring of see invisible (left hand)
 r - a ring of flight
 s - an amulet of faith (around neck)
 G - a ring of wizardry (right hand)
Scrolls
 g - a scroll of fear
 m - 2 scrolls of poison
 t - 2 scrolls of teleportation
Potions
 d - a potion of magic
 f - 2 potions of curing
 h - 3 potions of heal wounds
 n - a potion of flight
 D - a potion of brilliance
 E - a potion of resistance


   Skills:
 + Level 4.3 Fighting
 + Level 4.3 Short Blades
 + Level 4.3 Long Blades
 + Level 4.3 Axes
 + Level 4.3 Maces & Flails
 + Level 4.3 Polearms
 + Level 4.3 Staves
 + Level 4.3 Ranged Weapons
 + Level 4.3 Throwing
 + Level 4.3 Armour
 + Level 6.3 Dodging
 + Level 6.1 Stealth
 + Level 4.3 Shields
 + Level 4.3 Unarmed Combat
 + Level 8.4 Spellcasting
 + Level 4.2 Conjurations
 + Level 3.5 Hexes
 + Level 4.2 Summonings
 + Level 3.5 Necromancy
 + Level 4.2 Translocations
 + Level 3.5 Transmutations
 + Level 3.5 Fire Magic
 + Level 3.5 Ice Magic
 + Level 3.5 Air Magic
 + Level 3.5 Earth Magic
 + Level 3.5 Poison Magic
 + Level 4.7 Invocations
 + Level 4.3 Evocations


You had 8 spell levels left.
You knew the following spells:

 Your Spells              Type           Power      Damage    Failure   Level
a - Magic Dart            Conj           96%        1d7       1%          1
b - Blink                 Tloc           48%        N/A       1%          2
c - Cigotuvi's Dreadful   Necr/Pois/Air  42%        N/A       1%          2
d - Mephitic Cloud        Conj/Pois/Air  22%        N/A       3%          3
e - Call Imp              Summ           24%        N/A       1%          2
f - Momentum Strike       Conj/Tloc      48%        3d9       1%          2
g - Slow                  Hex            84%        N/A       1%          1
q - Call Canine Familiar  Summ           24%        N/A       2%          3

Your spell library contained the following spells:

 Spells                   Type           Power      Damage    Failure   Level
 Lesser Beckoning         Tloc           48%        N/A       2%          3
 Portal Projectile        Hex/Tloc       44%        N/A       2%          3
 Leda's Liquefaction      Hex/Erth       10%        N/A       11%         4


Dungeon Overview and Level Annotations

Branches:
Dungeon (9/15)             Temple (1/1) D:5
   Lair: D:8-11         Orc: D:9-12

Altars:
Ashenzari
Cheibriados
Dithmenos
Elyvilon
Fedhas
Gozag
Hepliaklqana
Kikubaaqudgha
Makhleb
Nemelex Xobeh
Okawaru
Qazlal
Ru
Trog
Uskayaw
Vehumet
Wu Jian
Xom
Yredelemnul
Zin
The Shining One

Shops:
D:4 [   D:5 *


Innate Abilities, Weirdness & Mutations

You have very sharp teeth.
Your uncanny sense of smell can sniff out nearby items.
Your experience applies equally to all skills.


Message History

Your hound bites the vampire but does no damage.
Your white imp gestures at the vampire.
The puff of frost hits the vampire.
The vampire resists.
The vampire hits your white imp!
Your white imp dies!
Your white imp disappears in a puff of smoke!
Your hound closely misses the vampire.
You barely miss the vampire.
The vampire is almost destroyed.
Your hound closely misses the vampire.
The vampire draws life force from you!
The vampire is healed by the life force!
You hit the vampire but do no damage.
The vampire is heavily damaged.
Your hound barely misses the vampire.
The vampire barely misses you. The vampire bites you!
* * * LOW HITPOINT WARNING * * *
The vampire draws strength from your injuries!
You hit the vampire but do no damage.
The vampire is heavily damaged.
Your hound barely misses the vampire.
You closely miss the vampire.
The vampire is heavily damaged.
Your hound barely misses the vampire.
The vampire hits you!
* * * LOW HITPOINT WARNING * * *
The vampire bites you.
* * * LOW HITPOINT WARNING * * *
The vampire draws strength from your injuries!
Press: ? - help, v - describe, . - travel
Here: a vampire (heavily damaged, ally target)
The floor.
You closely miss the vampire.
The vampire is heavily damaged.
Your hound bites the vampire but does no damage.
The vampire barely misses you. The vampire bites you!
* * * LOW HITPOINT WARNING * * *
The vampire draws strength from your injuries!
You hit the vampire but do no damage. You bite the vampire, but do no damage.
The vampire is moderately damaged.
Your hound closely misses the vampire. x2; The vampire hits you.
You die...

........######....#.#####
........# #....#.#
........# #....#.#
........# #....#.#####
#.......# ####.^..#.....#
#.......# #.......#.....#
∆
#.......###.......#.....#
................
.......@.h......
########V#.##### #.#.#
#.#.. #.# ## #.# #.# ...
###


You could see a vampire (ally target) and a friendly hound (summoned).

Vanquished Creatures
  A wyvern (D:8)
  2 water moccasins
  An ogre (D:6)
  A centaur (D:8)
  A phantom (D:6)
  2 kobold brigands
  A nameless horror (D:6)
  A bullfrog (D:4)
  A necrophage (D:7)
  3 scorpions (D:6)
  A howler monkey (D:6)
  2 jellies
  2 hounds (D:6)
  3 orc priests
  An iguana (D:7)
  8 orc wizards
  4 adders (D:4)
  A shadow imp (D:6)
  A white imp (D:6)
  3 dart slugs
  A worm (D:2)
  19 orcs
  2 bats
  6 endoplasms
  4 giant cockroaches
  7 goblins
  7 hobgoblins
  2 jackals (D:5)
  14 kobolds
  5 quokkas
  9 ball pythons
  3 frilled lizards
  4 rats
123 creatures vanquished.

Vanquished Creatures (collateral kills)
  A water moccasin (D:5)
  A sky beast (D:7)
  An ice beast (D:6)
  A bullfrog (D:6)
  A necrophage (D:6)
  A scorpion (D:4)
  A jelly (D:4)
  An orc wizard (D:5)
  4 adders
  A worm (D:4)
  5 orcs
  4 ball pythons
  2 bats
  4 endoplasms
  A giant cockroach (D:4)
  3 goblins
  2 hobgoblins (D:1)
  A jackal (D:5)
  A kobold (D:2)
  A rat (D:2)
37 creatures vanquished.

Vanquished Creatures (others)
  An orc wizard (D:6)
  2 orcs (D:6)
3 creatures vanquished.

Grand Total: 163 creatures vanquished

Notes
Turn   | Place    | Note
-------+----------+-------------------------------------------
     0 | D:1      | Ignak the Gnoll Hedge Wizard began the quest for the Orb.
     0 | D:1      | Reached XP level 1. HP: 13/13 MP: 8/8
   134 | D:1      | Reached XP level 2. HP: 19/19 MP: 3/10
   218 | D:1      | Found a faded altar of an unknown god.
   298 | D:1      | Learned a level 2 spell: Blink
   301 | D:1      | Learned a level 2 spell: Call Imp
   304 | D:1      | Learned a level 2 spell: Cigotuvi's Dreadful Rot
   579 | D:1      | Reached XP level 3. HP: 16/21 MP: 9/11
  1074 | D:2      | Reached skill level 1 in Invocations
  1179 | D:2      | Reached skill level 1 in Fighting
  1179 | D:2      | Reached skill level 1 in Short Blades
  1179 | D:2      | Reached skill level 1 in Long Blades
  1179 | D:2      | Reached skill level 1 in Axes
  1179 | D:2      | Reached skill level 1 in Maces & Flails
  1179 | D:2      | Reached skill level 1 in Polearms
  1179 | D:2      | Reached skill level 1 in Staves
  1179 | D:2      | Reached skill level 1 in Ranged Weapons
  1179 | D:2      | Reached skill level 1 in Throwing
  1179 | D:2      | Reached skill level 1 in Armour
  1179 | D:2      | Reached skill level 1 in Shields
  1179 | D:2      | Reached skill level 1 in Unarmed Combat
  1179 | D:2      | Reached skill level 1 in Evocations
  1518 | D:2      | Reached XP level 4. HP: 24/32 MP: 10/13
  1540 | D:2      | Learned a level 3 spell: Mephitic Cloud
  1789 | D:3      | Reached skill level 1 in Hexes
  1789 | D:3      | Reached skill level 1 in Necromancy
  1789 | D:3      | Reached skill level 1 in Transmutations
  1789 | D:3      | Reached skill level 1 in Fire Magic
  1789 | D:3      | Reached skill level 1 in Ice Magic
  1789 | D:3      | Reached skill level 1 in Air Magic
  1789 | D:3      | Reached skill level 1 in Earth Magic
  1789 | D:3      | Reached skill level 1 in Poison Magic
  1854 | D:3      | Found a radiant altar of Vehumet.
  1854 | D:3      | Found a shadowy altar of Dithmenos.
  2502 | D:4      | Reached XP level 5. HP: 36/37 MP: 11/14
  2559 | D:4      | Learned a level 3 spell: Call Canine Familiar
  2739 | D:4      | Found Ytusheff's Armour Boutique.
  2748 | D:4      | Reached XP level 6. HP: 44/44 MP: 10/16
  2757 | D:4      | Reached skill level 5 in Dodging
  2986 | D:4      | Found a bloodstained altar of Trog.
  3327 | D:5      | Entered Level 5 of the Dungeon
  3403 | D:5      | Found a sparkling altar of Nemelex Xobeh.
  3457 | D:5      | Found a staircase to the Ecumenical Temple.
  3469 | Temple   | Entered the Ecumenical Temple
  3552 | D:5      | Found a burning altar of Makhleb.
  3646 | D:5      | Found Hadeg's Assorted Antiques.
  3670 | D:5      | Bought a distressingly furry leather armour for 154 gold
                  | pieces
  3670 | D:5      | Identified the +1 leather armour of Beogh's Inspiration
                  | {Stlth+} (You bought it in a shop on level 5 of the
                  | Dungeon)
  3670 | D:5      | Bought a fizzy coppery potion for 19 gold pieces
  3670 | D:5      | Bought a scroll labelled NYBBUA WILAMEDD for 22 gold pieces
  3721 | D:5      | Found an ornate altar of the Wu Jian Council.
  3808 | D:5      | Found a hazy altar of Hepliaklqana.
  4161 | D:6      | Noticed a water moccasin
  4166 | D:6      | Reached XP level 7. HP: 51/51 MP: 14/18
  4555 | D:5      | Reached skill level 5 in Stealth
  4902 | D:6      | Found a basalt altar of Yredelemnul.
  4906 | D:6      | Learned a level 2 spell: Momentum Strike
  5041 | D:6      | Reached XP level 8. HP: 54/58 MP: 14/19
  5303 | D:6      | Learned a level 1 spell: Slow
  5743 | D:6      | Reached skill level 8 in Spellcasting
  6037 | D:7      | Identified the +3 ring mail of Morality {rF+}
  6150 | D:7      | Found a stormy altar of Qazlal.
  6647 | D:7      | Reached XP level 9. HP: 62/65 MP: 2/21
  8405 | D:8      | HP: 3/99 [vampire (12)]
  8406 | D:8      | Slain by a vampire

Illustrated notes

Levels and vault maps discovered:
D:1:      ebering_trefoil_3fold, layout_loops_ring,
          hellmonk_ecumenical_altar_run_dry
D:2:      layout_basic, minmay_split_cup_large
D:3:      layout_basic, mainiacjoe_overflow_divided_tiny, serial_glass,
          glass_columns_b, glass_columns_c, glass_columns_a, glass_columns_c,
          glass_columns_a, glass_columns_a
D:4:      layout_cave_pools, trog_hazing_becter, kennysheep_windowed_goal
D:5:      layout_basic, overflow_temple_1_default, mainiacjoe_overflow_24_doors,
          nemelex_spade_bored_becter, bloody_makhleb,
          minmay_temple_entry_statues_pillars, serial_shops,
          nicolae_shop_waterfront
D:6:      layout_basic, yredelemnul_altar_generic
D:7:      layout_basic, nicolae_qazlal_general_emergency
D:8:      layout_basic, general_overflow_altar
D:9:      nicolae_cairo_tiling_large_dashed, layout_layer_cave, uniq_harold,
          uniq_grum, uniq_amaemon, uniq_psyche
Temple:   hellmonk_temple_two_chambers

Skill      XL: |  1  2  3  4  5  6  7  8  9 |
---------------+----------------------------+-----
Conjurations   | 2 3 4 |  4.2
Summonings     | 2 3 4 |  4.2
Translocations | 2 3 4 |  4.2
Invocations    | 1 2 3 4 |  4.7
Fighting       | 1 2 3 4 |  4.3
Short Blades   | 1 2 3 4 |  4.3
Long Blades    | 1 2 3 4 |  4.3
Axes           | 1 2 3 4 |  4.3
Maces & Flails | 1 2 3 4 |  4.3
Polearms       | 1 2 3 4 |  4.3
Staves         | 1 2 3 4 |  4.3
Ranged Weapons | 1 2 3 4 |  4.3
Throwing       | 1 2 3 4 |  4.3
Armour         | 1 2 3 4 |  4.3
Shields        | 1 2 3 4 |  4.3
Unarmed Combat | 1 2 3 4 |  4.3
Evocations     | 1 2 3 4 |  4.3
Hexes          | 1 2 3 |  3.5
Necromancy     | 1 2 3 |  3.5
Transmutations | 1 2 3 |  3.5
Fire Magic     | 1 2 3 |  3.5
Ice Magic      | 1 2 3 |  3.5
Air Magic      | 1 2 3 |  3.5
Earth Magic    | 1 2 3 |  3.5
Poison Magic   | 1 2 3 |  3.5
Dodging        | 5 6 |  6.3
Stealth        | 5 6 |  6.1
Spellcasting   | 8 |  8.4

Action                   |  1- 3 |  4- 6 |  7- 9 || total
-------------------------+-------+-------+-------++-------
Melee: Flail             |    63 |    41 |    35 ||   139
       Bite              |     4 |     7 |    14 ||    25
       Punch             |     2 |     2 |     6 ||    10
       Trident           |       |    61 |       ||    61
       Short sword       |       |    14 |   146 ||   160
 Fire: Shortbow          |       |       |    30 ||    30
Throw: Throwing net      |       |       |     3 ||     3
       Dart              |       |       |     2 ||     2
 Cast: Magic Dart        |    35 |     2 |     1 ||    38
       Call Imp          |    13 |    19 |    25 ||    57
       Cigotuvi's Dreadf |     2 |       |     1 ||     3
       Blink             |     1 |     1 |    13 ||    15
       Call Canine Famil |       |     6 |    25 ||    31
       Mephitic Cloud    |       |     1 |    13 ||    14
       Momentum Strike   |       |       |     5 ||     5
       Slow              |       |       |     3 ||     3
  Use: Potion            |     1 |       |    11 ||    12
       Scroll            |       |       |    13 ||    13
 Stab: Sleeping          |     5 |     3 |     2 ||    10
       Distracted        |       |     2 |     2 ||     4
       Confused          |       |       |     2 ||     2
Armor: Robe              |    14 |    19 |       ||    33
       Leather armour    |       |     1 |    54 ||    55
Dodge: Dodged            |    71 |    79 |   173 ||   323

Table legend: (Time is in decaauts)
 A = Elapsed time spent in this place.
 B = Non-inter-level travel time spent in this place.
 C = Inter-level travel time spent in this place.
 D = Time resting spent in this place.
 E = Time spent auto-exploring this place.
 F = Levels seen in this place.
 G = Mean time per level.
                   A        B        C        D        E       F      G
               +--------+--------+--------+--------+--------+-----+--------+
         Total |   8434 |   8192 |    242 |   1343 |   3958 |  10 |  843.4 |
       Dungeon |   8405 |   8163 |    242 |   1343 |   3941 |   9 |  933.9 |
        Temple |     29 |     29 |      0 |      0 |     17 |   1 |   29.0 |
               +--------+--------+--------+--------+--------+-----+--------+

Top non-repeatable levels by time:
     D:6: 1906 daAuts
     D:5: 1542 daAuts
     D:7: 1239 daAuts
     D:1: 993 daAuts
     D:4: 867 daAuts
     D:3: 791 daAuts
     D:2: 737 daAuts
     D:8: 305 daAuts
  Temple: 29 daAuts
     D:9: 21 daAuts
